 Dungeon Crawl Stone Soup version 0.30-a0-622-gddc90eaa04 (webtiles) character file.

Game seed: 1418866266803476864

27210 Leeroy the Spry (level 13, -5/105 HPs)
             Began as a Merfolk Gladiator on Jan 10, 2023.
             Was an Elder of Wu Jian.
             Slain by an orc knight
             ... wielding a +2 antimagic war axe
              (30 damage)
             ... on level 2 of the Orcish Mines.
             The game lasted 00:40:57 (17205 turns).

Leeroy the Spry (Merfolk Gladiator)                Turns: 17205, Time: 00:40:57

Health: -5/105     AC: 17    Str: 16    XL:     13   Next: 30%
Magic:  6/13       EV: 25    Int: 17    God:    Wu Jian [****..]
Gold:   1039       SH:  0    Dex: 23    Spells: 1/12 levels left

rFire   . . .      SeeInvis .    W - +2 long sword (vamp)
rCold   . . .      Faith    .    (no shield)
rNeg    . . .      Spirit   .    k - +3 leather armour of Omission {Str+2 Dex+3}
rPois   .          Reflect  .    L - +2 helmet {Int+3}
rElec   .          Harm     .    H - +2 cloak {rCorr}
rCorr   +          Rampage  .    (no gloves)
Will    .....                    B - +0 pair of boots
Stlth   +++++                    o - amulet of magic regeneration
HPRegen 0.37/turn                t - +6 ring of intelligence
MPRegen 0.53/turn                D - +4 ring of protection

@: exhausted
A: (nimble swimmer 2), mertail
a: Renounce Religion, Wall Jump, Serpent's Lash


You were on level 2 of the Orcish Mines.
You worshipped Wu Jian.
Wu Jian was greatly pleased with you.
You visited 3 branches of the dungeon, and saw 17 of its levels.
You also visited: Bailey.

You collected 1295 gold pieces.
You spent 256 gold pieces at shops.

Inventory:

Hand Weapons
 f - a +1 long sword of venom
 m - a +0 scimitar
 y - a +1 dagger of venom
 T - a +2 long sword of electrocution
 W - a +2 vampiric long sword (weapon)
Missiles
 b - 38 poisoned darts
 R - 8 atropa-tipped darts (quivered)
 X - 2 curare-tipped darts
Armour
 k - the +3 leather armour of Omission (worn) {Str+2 Dex+3}
   (You found it on level 2 of the Dungeon)

   Str:       It affects your strength (+2).
   Dex:       It affects your dexterity (+3).
 B - a +0 pair of boots (worn)
 E - the +2 pair of gloves "Biax" {Will+++ Str+4 Int-4 Dex-5}
   (You found it in a bailey)

   Str:       It affects your strength (+4).
   Int:       It affects your intelligence (-4).
   Dex:       It affects your dexterity (-5).
   Will:      It greatly increases your willpower.
 F - a +2 robe of resistance
 G - a +2 robe of willpower
 H - a +2 cloak of preservation (worn)
 L - a +2 helmet of intelligence (worn)
 V - +0 acid dragon scales
 Y - the +2 robe "Ludilodgh" {rElec Str+3}
   (You found it on level 12 of the Dungeon)

   Str:       It affects your strength (+3).
   rElec:     It insulates you from electricity.
Jewellery
 c - a ring of see invisible
 e - a ring of wizardry
 o - an amulet of magic regeneration (around neck)
 t - a +6 ring of intelligence (left hand)
 w - a ring of protection from fire
 D - a +4 ring of protection (right hand)
 N - a ring of protection from cold
Wands
 h - a wand of charming (19)
 n - a wand of roots (3)
 p - a wand of polymorph (6)
 q - a wand of flame (21)
Scrolls
 a - a scroll of silence
 d - a scroll of brand weapon
 i - 2 scrolls of vulnerability
 j - 2 scrolls of noise
 r - 2 scrolls of immolation
 s - 2 scrolls of poison
 x - a scroll of teleportation
 z - 5 scrolls of enchant weapon
 A - 2 scrolls of fog
 I - a scroll of torment
 M - a scroll of magic mapping
 O - 2 scrolls of blinking {unknown}
 P - a scroll of butterflies {unknown}
 U - a scroll of enchant armour {unknown}
Potions
 g - 3 potions of flight {unknown}
 l - 4 potions of might {unknown}
 u - 3 potions of haste {unknown}
 v - a potion of attraction {unknown}
 C - 5 potions of curing
 J - 2 potions of brilliance {unknown}
 K - a potion of resistance {unknown}
 Q - a potion of berserk rage {unknown}
 S - a potion of degeneration {unknown}
 Z - a potion of mutation {unknown}


   Skills:
 - Level 10.9 Fighting
 - Level 15.0 Long Blades
 - Level 2.1 Throwing
 - Level 0.2 Armour
 + Level 16.7 Dodging
 - Level 11.2 Stealth
 - Level 0.1 Evocations


You had one spell level left.
You knew the following spells:

 Your Spells              Type           Power      Damage    Failure   Level
a - Mephitic Cloud        Conj/Pois/Air  0%         N/A       65%         3
b - Cigotuvi's Dreadful   Necr/Pois/Air  0%         N/A       41%         2
c - Poisonous Vapours     Pois/Air       0%         N/A       41%         2
d - Manifold Assault      Tloc           0%         N/A       96%         4

Your spell library contained the following spells:

 Spells                   Type           Power      Damage    Failure   Level
 Summon Lightning Spire   Summ/Air       0%         N/A       96%         4
 Alistair's Intoxication  Tmut/Pois      0%         N/A       100%        5
 Borgnjor's Vile Clutch   Necr/Erth      0%         N/A       100%        5
 Summon Forest            Summ/Tloc      0%         N/A       100%        5
 Summon Mana Viper        Hex/Summ       0%         N/A       100%        5
 Dispersal                Tloc           0%         N/A       100%        6
 Eringya's Noxious Bog    Tmut/Pois      0%         N/A       100%        6
 Summon Cactus Giant      Summ           0%         N/A       100%        6
 Storm Form               Tmut/Air       0%         N/A       100%        7
 Disjunction              Tloc           0%         N/A       100%        8
 Maxwell's Capacitive Co  Air            0%         ∞         100%        8
 Chain Lightning          Conj/Air       0%         N/A       100%        9
 Fire Storm               Conj/Fire      0%         5d1       100%        9
 Shatter                  Erth           0%         3d5*      100%        9


Dungeon Overview and Level Annotations

Branches:
Dungeon (14/15)            Temple (1/1) D:5            Lair (0/5) D:11
    Orc (2/2) D:12            Elf (0/3) Orc:2        Bailey (visited)
 Vaults: D:13-14

Altars:
Dithmenos
Elyvilon
Fedhas
Gozag
Hepliaklqana
Kikubaaqudgha
Makhleb
Nemelex Xobeh
Okawaru
Qazlal
Ru
Sif Muna
Trog
Uskayaw
Vehumet
Wu Jian
Yredelemnul
Zin
The Shining One

Shops:
D:1 *   D:2 (   D:3 !   D:5 =   D:9 (   D:12 =   Orc:1 [   Orc:2 =

Annotations:
Orc:1 Erolcha


Innate Abilities, Weirdness & Mutations

((You are very nimble when in or above water. (Stealth+, EV+, Speed+++)))
Your lower body shifts to a powerful aquatic tail in water.


Message History

The orc warrior goes into a battle-frenzy!
You spin and attack the orc warrior.
You slash the orc warrior!
You feel better.
You kill the orc warrior!
The Council accepts your kill.
The orc knight attacks as you move away!
The orc knight hits you with a +0 war axe!!
The orc knight attacks as you move away!
The orc knight hits you with a +2 antimagic war axe.
Aiming: Wall Jump
Press: ? - help, Dir - move target You repeatedly attack the orc knight from above.
You hit the orc knight but do no damage.
You slice the orc knight!!
You feel better.
The orc knight is moderately wounded.
You barely miss the orc knight.
The orc knight is moderately wounded.
You repeatedly attack the orc knight from above.
You hit the orc knight but do no damage.
The orc knight is severely wounded.
You hit the orc knight.
The orc knight is severely wounded.
You hit the orc knight.
You feel better.
The orc knight is severely wounded.
You repeatedly attack the two-headed ogre from above.
You slash the two-headed ogre!
You feel better.
The two-headed ogre is almost dead.
You hit the two-headed ogre.
You feel better.
You kill the two-headed ogre!
The Council accepts your kill.
The orc knight hits you with a +0 war axe!!
* * * LOW HITPOINT WARNING * * *
The orc knight completely misses you. x2
The orc knight roars a battlecry!
The orc knight goes into a battle-frenzy!
You spin and attack the orc knight.
You hit the orc knight but do no damage.
The orc knight is severely wounded.
The orc knight hits you with a +2 antimagic war axe!!
You die...

###### #### ## ###.#..########
##..####.#
..........##..###....#....
.............).#.........###
..........#.)..........#.#..
.............#.o............
............)))o@...........
...#...#<....#...#..........
....#......#.##.............
.............)##.##.........
.......#...#..o#.###........
....o.#...........#.........
...........##....#.....#....
#####)).....#...........#........
#)##.................#.......


You could see 2 orc knights.

Vanquished Creatures
  A boulder beetle (D:11)
  2 centaur warriors
  3 two-headed ogres
  4 orc high priests (Orc:2)
  4 orc knights
  3 ugly things
  A deep elf zephyrmancer (Bailey)
  An orc sorcerer (Orc:2)
  A salamander (shapeshifter) (D:14)
  2 cyclopes
  A manticore (D:11)
  A gargoyle (D:14)
  6 trolls
  3 shadows
  A wraith (D:14)
  8 yaks
  Sigmund (D:5)
  4 wyverns (D:11)
  A steam dragon (D:9)
  4 vampire mosquitoes
  Edmund (D:5)
  6 wargs
  An acid dragon (D:9)
  49 orc warriors
  6 water moccasins
  An ice beast (D:6)
  3 sky beasts
  4 black bears
  A black bear (shapeshifter) (D:13)
  9 ogres
  4 centaurs
  3 kobold brigands
  A necrophage (D:8)
  A bullfrog (D:8)
  4 scorpions
  A gnoll sergeant (D:9)
  5 wights
  15 killer bees
  An electric eel (D:12)
  A jelly (D:6)
  A howler monkey (D:6)
  5 hounds
  29 orc priests
  A human zombie (D:7)
  4 iguanas
  18 orc wizards
  Robin (D:2)
  4 gnolls (D:10)
  7 adders
  A white imp (D:7)
  3 ufetubi
  A worm (D:4)
  3 dart slugs
  89 orcs
  2 ball pythons
  5 bats
  9 endoplasms
  8 giant cockroaches
  22 goblins
  7 hobgoblins
  14 jackals
  18 kobolds
  3 quokkas
  9 frilled lizards
  A rat (D:1)
434 creatures vanquished.

Vanquished Creatures (others)
  An orc warrior (Bailey)
  An orc priest (D:7)
  A jackal skeleton (D:7)
  A fungus (D:11)
  34 plants
38 creatures vanquished.

Grand Total: 472 creatures vanquished

Notes
Turn   | Place    | Note
-------+----------+-------------------------------------------
     0 | D:1      | Leeroy the Merfolk Gladiator began the quest for the Orb.
     0 | D:1      | Reached XP level 1. HP: 16/16 MP: 1/1
   135 | D:1      | Reached XP level 2. HP: 22/22 MP: 2/2
   430 | D:1      | Found Locueden's General Store.
   548 | D:1      | Reached XP level 3. HP: 27/27 MP: 3/3
  1032 | D:2      | Found Boasote's Weapon Emporium.
  1605 | D:2      | Identified the +3 leather armour of Omission {Str+2 Dex+3}
  1921 | D:3      | Noticed Robin
  2019 | D:2      | Reached XP level 4. HP: 32/34 MP: 4/4
  2388 | D:2      | Killed Robin
  2389 | D:2      | Reached skill level 5 in Long Blades
  2389 | D:2      | Reached skill level 5 in Dodging
  2459 | D:3      | Identified the +2 helmet of Sefoq {*Slow Regen+ Str+7 SInv}
  2572 | D:3      | Reached XP level 5. HP: 10/39 MP: 5/5
  2700 | D:3      | Found Huwowk's Distillery.
  2708 | D:3      | Bought a potion of heal wounds for 55 gold pieces
  2905 | D:3      | Noticed an ogre
  2923 | D:3      | Killed an ogre
  2924 | D:3      | Reached skill level 6 in Dodging
  2924 | D:3      | Reached XP level 6. HP: 24/46 MP: 6/6
  3620 | D:4      | Noticed a black bear
  3628 | D:4      | Killed a black bear
  3910 | D:4      | Reached XP level 7. HP: 46/51 MP: 7/7
  4039 | D:4      | Reached skill level 7 in Dodging
  4581 | D:5      | Entered Level 5 of the Dungeon
  4914 | D:6      | Reached XP level 8. HP: 43/57 MP: 8/8
  5025 | D:6      | Reached skill level 8 in Dodging
  5247 | D:7      | Reached skill level 10 in Long Blades
  5354 | D:7      | Found a runed translucent door.
  5357 | D:7      | Found a basalt altar of Yredelemnul.
  5622 | D:7      | Found a flagged portal.
  5631 | Bailey   | Entered a bailey
  5939 | Bailey   | Reached skill level 9 in Dodging
  6031 | Bailey   | Reached XP level 9. HP: 21/62 MP: 9/9
  6232 | Bailey   | Reached skill level 10 in Dodging
  6232 | Bailey   | Noticed an orc knight
  6768 | Bailey   | Found a large runed translucent door.
  6768 | Bailey   | Found a large runed translucent door.
  6769 | Bailey   | Noticed a deep elf zephyrmancer
  6820 | Bailey   | HP: 1/63 [orc warrior/+0 trident (19)]
  7188 | Bailey   | Reached skill level 11 in Dodging
  7260 | Bailey   | Killed an orc knight
  7261 | Bailey   | Reached skill level 5 in Fighting
  7307 | Bailey   | Killed a deep elf zephyrmancer
  7313 | Bailey   | Identified the +2 pair of gloves "Biax" {Will+++ Str+4
                  | Int-4 Dex-5}
  7908 | D:6      | Reached XP level 10. HP: 80/80 MP: 10/10
  8403 | D:5      | Found Wedastat's Jewellery Shop.
  8567 | D:5      | Found a staircase to the Ecumenical Temple.
  8576 | Temple   | Entered the Ecumenical Temple
  8604 | Temple   | Became a worshipper of the Wu Jian Council
  8972 | D:5      | Noticed Edmund
  8988 | D:5      | Killed Edmund
  9036 | D:5      | Noticed Sigmund
  9039 | D:5      | Killed Sigmund
  9320 | D:8      | Noticed a two-headed ogre
  9381 | D:8      | Killed a two-headed ogre
  9382 | D:8      | Reached skill level 10 in Fighting
  9516 | D:8      | Reached * piety under Wu Jian
 10740 | D:9      | Reached XP level 11. HP: 78/92 MP: 11/11
 10909 | D:9      | Found Beitwog's Antique Weapon Shoppe.
 10918 | D:9      | Bought a runed long sword for 201 gold pieces
 11819 | D:10     | Entered Level 10 of the Dungeon
 11865 | D:10     | Reached ** piety under Wu Jian
 11987 | D:10     | Noticed a cyclops
 12277 | D:11     | Reached skill level 12 in Dodging
 12283 | D:11     | Found a staircase to the Lair.
 12469 | D:11     | Noticed a boulder beetle
 12589 | D:11     | Noticed a cyclops
 12589 | D:11     | Noticed a manticore
 12602 | D:11     | Killed a manticore
 12608 | D:11     | Killed a cyclops
 12608 | D:11     | Reached *** piety under Wu Jian
 12609 | D:11     | Reached skill level 13 in Dodging
 12816 | D:11     | Killed a boulder beetle
 13211 | D:10     | Killed a cyclops
 13212 | D:10     | Reached skill level 5 in Stealth
 13481 | D:12     | Found a staircase to the Orcish Mines.
 13563 | D:12     | Identified the +2 robe "Ludilodgh" {rElec Str+3}
 13590 | D:12     | Noticed a brown ugly thing
 13597 | D:12     | Killed a brown ugly thing
 13598 | D:12     | Reached XP level 12. HP: 99/99 MP: 12/12
 13715 | D:12     | You fall into a shaft and drop 2 floors!
 13757 | D:14     | Learned a level 3 spell: Mephitic Cloud
 13760 | D:14     | Learned a level 2 spell: Cigotuvi's Dreadful Rot
 13763 | D:14     | Learned a level 2 spell: Poisonous Vapours
 13766 | D:14     | Noticed a centaur warrior
 13781 | D:14     | Killed a centaur warrior
 14121 | D:13     | Noticed a two-headed ogre
 14121 | D:13     | Noticed a centaur warrior
 14126 | D:13     | Killed a centaur warrior
 14132 | D:13     | Killed a two-headed ogre
 14133 | D:13     | Reached skill level 10 in Stealth
 14264 | D:13     | Noticed a two-headed ogre
 14384 | D:12     | Found Osisituzoy's Jewellery Emporium.
 15093 | Orc:1    | Entered Level 1 of the Orcish Mines
 15093 | Orc:1    | Found Vygyxec's Antique Armour Shoppe.
 15372 | Orc:2    | Entered Level 2 of the Orcish Mines
 15392 | Orc:2    | Learned a level 4 spell: Manifold Assault
 15492 | Orc:2    | Found Naepnek's Jewellery Emporium.
 15506 | Orc:2    | Found a staircase to the Elven Halls.
 15527 | Orc:2    | Noticed an orc warlord
 15816 | Orc:2    | Reached **** piety under Wu Jian
 16292 | Orc:1    | Noticed Erolcha
 16313 | Orc:2    | Reached skill level 15 in Long Blades
 16458 | Orc:2    | Noticed an orc high priest
 16469 | Orc:2    | Noticed a sun demon
 16470 | Orc:2    | Noticed an orc high priest
 16507 | Orc:2    | Reached skill level 14 in Dodging
 16683 | Orc:2    | Noticed an orc high priest
 16700 | Orc:2    | Killed an orc high priest
 16701 | Orc:2    | Reached skill level 15 in Dodging
 16701 | Orc:2    | Reached XP level 13. HP: 84/105 MP: 13/13
 16871 | Orc:2    | Reached skill level 16 in Dodging
 16891 | Orc:2    | Reached ***** piety under Wu Jian
 17205 | Orc:2    | Slain by an orc knight

Illustrated notes

Levels and vault maps discovered:
D:1:      dpeg_arrival_signposts, layout_basic, serial_shops, shop
D:2:      layout_loops_corners, serial_shops, shop, minmay_pentomino_w2
D:3:      layout_basic, serial_shops, shop, wad_floor_pattern_untrapped,
          minmay_ogre_servants, uniq_robin
D:4:      layout_basic, chequers_arboretum, minmay_lizard_king
D:5:      kb_forest_paths, layout_basic, temple_doors_e, serial_shops, shop,
          sigmund_edmund_badplayer
D:6:      layout_basic
D:7:      layout_basic, dk_yredelemnul_ordeal, enter_bailey_2
D:8:      layout_rooms, minmay_misc_feat_roman, kennysheep_generic_room_12
D:9:      layout_layer_cave, serial_shops, nicolae_lakefront_shop,
          nicolae_water_bricks
D:10:     layout_rooms
D:11:     layout_stronghold, minmay_lair_entry_grove,
          hangedman_abyss_or_decor_stagger
D:12:     layout_gridville, minmay_orc_entry_guard_dogs, serial_shops, shop,
          serial_bayou_lagoon_a
D:13:     layout_irregular_city, david_vaults_1, st_stairs_5
D:14:     layout_roguey, feat_on_display
Temple:   compressed_dpeg_circular_temple
Orc:1:    layout_caves, serial_shops, shop, nicolae_orc_lost_temple,
          uniq_erolcha, uniq_harold
Orc:2:    st_orc_pillars, layout_caves, serial_shops, shop, minmay_orc_temple_c

Skill      XL: |  1  2  3  4  5  6  7  8  9 10 11 12 13 |
---------------+----------------------------------------+-----
Long Blades    | 4 5 6 7 9 11 12 14 15 | 15.0
Dodging        | 5 6 7 9 11 13 15 16 | 16.7
Fighting       | 7 10 | 10.9
Stealth        | 6 11 | 11.2
Throwing       | |  2.1
Armour         | |  0.2
Evocations     | |  0.1

Action                   |  1- 3 |  4- 6 |  7- 9 | 10-12 | 13-15 || total
-------------------------+-------+-------+-------+-------+-------++-------
Melee: Long sword        |   118 |   154 |   308 |  1186 |   168 ||  1934
       Punch             |       |     3 |     3 |    21 |     1 ||    28
       Tailslap          |       |       |    17 |    12 |       ||    29
       Dagger            |       |       |    27 |       |       ||    27
Throw: Dart              |       |       |     4 |     6 |       ||    10
       Throwing net      |       |       |     4 |       |       ||     4
       Javelin           |       |       |     2 |       |       ||     2
 Cast: Poisonous Vapours |       |       |       |       |     4 ||     4
Invok: Lunge             |       |       |       |    33 |    12 ||    45
       Whirlwind         |       |       |       |   114 |    27 ||   141
       Serpent's Lash    |       |       |       |     5 |     4 ||     9
 Abil: Wall Jump         |       |       |       |    10 |     6 ||    16
Evoke: Wand              |       |       |    25 |     1 |     1 ||    27
  Use: Potion            |       |     2 |     3 |     2 |       ||     7
       Scroll            |       |       |     7 |     9 |       ||    16
 Stab: Sleeping          |     2 |     1 |     3 |     7 |       ||    13
       Distracted        |       |       |     2 |       |     2 ||     4
       Held in net/web   |       |       |     1 |       |       ||     1
       Fleeing           |       |       |       |     1 |       ||     1
Armor: Leather armour    |    62 |    68 |    66 |   261 |    15 ||   472
Dodge: Dodged            |   142 |   153 |   340 |  1039 |   113 ||  1787

Table legend: (Time is in decaauts)
 A = Elapsed time spent in this place.
 B = Non-inter-level travel time spent in this place.
 C = Inter-level travel time spent in this place.
 D = Time resting spent in this place.
 E = Time spent auto-exploring this place.
 F = Levels seen in this place.
 G = Mean time per level.
                   A        B        C        D        E       F      G
               +--------+--------+--------+--------+--------+-----+--------+
         Total |  16870 |  16060 |    810 |   1626 |   9380 |  18 |  937.2 |
       Dungeon |  13228 |  12467 |    761 |   1057 |   8648 |  14 |  944.9 |
        Temple |    138 |    101 |     37 |      0 |     81 |   1 |  138.0 |
  Orcish Mines |   1848 |   1836 |     12 |    569 |    445 |   2 |  924.0 |
        Bailey |   1655 |   1655 |      0 |      0 |    206 |   1 | 1655.0 |
               +--------+--------+--------+--------+--------+-----+--------+

Top non-repeatable levels by time:
     D:9: 1855 daAuts
  Bailey: 1655 daAuts
     D:2: 1489 daAuts
     D:4: 1327 daAuts
   Orc:2: 1181 daAuts
    D:12: 1158 daAuts
     D:5: 1027 daAuts
    D:11: 990 daAuts
     D:1: 988 daAuts
     D:7: 877 daAuts
     D:3: 826 daAuts
     D:8: 776 daAuts
     D:6: 759 daAuts
   Orc:1: 667 daAuts
    D:10: 582 daAuts
